AoeStats
← Sak Owea

Nomad

504836164Analyzed
2v2 RM · 24d ago on Sep 6, 2026· 53m 3s· 4 players
Game mode
Random Map
Map size
176×176
Population
200
Speed
Normal
Resources
Standard
Victory
Conquest
Starting age
Dark Age
Ending age
Imperial Age
RankedLock teamsTeams togetherTeam positionsShared explorationLock speedFull tech treeHidden civsTurbo modeCheats
Victory
Defeat
🇵🇱 Vikings · Poland
1014
+14
🇵🇱 Bulgarians · Poland
972
+15
🇨🇱 Spanish · Chile
975
-15
🇨🇱 Bohemians · Chile
953
-14
Sak Owea
14:38 Feudal Age
21:47 Castle Age
19:39 Double-Bit Axe
20:01 Scale Barding Armor
22:07 Stone Mining
24:47 Forging
29:20 Loom
31:34 Bloodlines
33:07 Wheelbarrow
32:45 Town Watch
44:17 Imperial Age
45:17 Fletching
46:41 Chemistry
49:17 Chain Barding Armor
49:48 Hand Cart
Yeho
6:56 Loom
12:35 Feudal Age
13:53 Fletching
32:33 Double-Bit Axe
36:03 Padded Archer Armor
43:02 Castle Age
42:29 Horse Collar
45:24 Chemistry
Molpyd
6:39 Loom
14:00 Feudal Age
33:22 Fishing Lines
35:48 Castle Age
38:03 Medium Warships
38:42 Pikeman
39:08 Gambesons
39:23 Squires
39:58 Forging
39:54 Scale Barding Armor
39:49 Scale Mail Armor
40:28 Gillnets
42:57 Wheelbarrow
42:08 Town Watch
42:16 Double-Bit Axe
43:26 Bloodlines
43:17 Husbandry
49:17 Town Patrol
52:43 Imperial Age
51:24 Iron Casting
51:04 Chain Mail Armor
51:09 Chain Barding Armor
53:39 Hand Cart
JestDobrze
7:30 Loom
15:37 Feudal Age
17:55 Horse Collar
18:40 Double-Bit Axe
20:24 Man-at-Arms
21:10 Arson
21:21 Fletching
24:38 Castle Age
25:32 Scale Mail Armor
25:26 Gambesons
26:03 Fishing Lines
28:05 Gillnets
28:26 Heavy Plow
29:59 Long Swordsman
31:41 Town Watch
34:11 Bodkin Arrow
36:12 Chain Mail Armor
36:01 Stone Mining
37:55 Chieftains
40:31 Forging
43:01 Imperial Age
41:30 Town Patrol
42:05 Bow Saw
43:26 Iron Casting
44:15 Elite Skirmisher
44:57 Bracer
44:38 Elite Berserk
46:07 Gold Mining
47:28 Chemistry
50:07 Blast Furnace
49:38 Plate Mail Armor
50:11 Ballistics
50:08 Siege Engineers
51:13 Scale Barding Armor
51:53 Crop Rotation
52:25 Two-Man Saw
53:20 Conscription
Connection lost

Rejoining the realm…

Still unreachable

The connection could not be restored.

Session expired

The server has moved on; the page needs a fresh start.